 Dungeon Crawl Stone Soup version 0.21.1-1-g345015fe64 (webtiles) character file.

31 Kohma the Grave Robber (level 3, -6/24 HPs)
             Began as a Mummy Necromancer on June 8, 2018.
             Killed from afar by an orc wizard (9 damage)
             ... with a magic dart
             ... on level 2 of the Dungeon.
             The game lasted 00:10:00 (1893 turns).

Kohma the Grave Robber (Mummy Necromancer)          Turns: 1893, Time: 00:10:00

Health: -6/24      AC:  2    Str: 15    XL:     3   Next: 7%
Magic:  1/7        EV: 12    Int: 15    God:
Gold:   158        SH:  0    Dex: 12    Spells: 6/8 levels left

rFire    x . .     SeeInvis .   i - +1 dagger
rCold    + . .     Gourm    .   (no shield)
rNeg     + + +     Faith    .   m - +0 robe (curse)
rPois    ∞         Spirit   .   (no helmet)
rElec    .         Reflect  .   (no cloak)
rCorr    .         Harm     .   (no gloves)
MR       .....                  (no boots)
Stlth    ++........             (no amulet)
HPRegen  0.08/turn              h - +4 ring of strength
MPRegen  0.10/turn              (no ring)

@: no status effects
A: no food or potions, fire vulnerability, cold resistance 1, negative energy
resistance 3, torment resistance, unbreathing
a: no special abilities


You were on level 2 of the Dungeon.
You were not hungry.

You visited 1 branch of the dungeon, and saw 3 of its levels.

You collected 158 gold pieces.

Inventory:

Hand Weapons
 c - a +0 short sword
 i - a +1 dagger (weapon)
Missiles
 d - 8 bolts
 g - 46 sling bullets
Armour
 a - a +1 robe
 m - a cursed +0 robe (worn)
Jewellery
 h - a +4 ring of strength (left hand)
Scrolls
 e - a scroll of identify
 f - a scroll of teleportation
 j - a scroll of remove curse
Potions
 l - a potion of ambrosia {unknown}
Books
 b - a book of Necromancy

   Spells                             Type                      Level
   a - Pain                           Necromancy                   1
   b - Animate Skeleton               Necromancy                   1
   c - Vampiric Draining              Necromancy                   3
   d - Regeneration                   Charms/Necromancy            3
   e - Animate Dead                   Necromancy                   4
   f - Borgnjor's Vile Clutch         Necromancy/Earth             5


   Skills:
 - Level 0.2 Short Blades
 + Level 2.0 Dodging
 + Level 2.0 Stealth
 + Level 3.2 Spellcasting
 + Level 4.2 Necromancy


You had 6 spell levels left.
You knew the following spells:

 Your Spells              Type           Power        Failure   Level  Hunger
a - Pain                  Necr           ###.         3%          1    N/A
b - Animate Skeleton      Necr           N/A          3%          1    N/A

Dungeon Overview and Level Annotations

Branches:
Dungeon (3/15)

Altars:


Innate Abilities, Weirdness & Mutations

You do not eat or drink.
Your flesh is vulnerable to fire.
You are immune to poison.
Your flesh is cold resistant. (rC+)
You are immune to negative energy. (rN+++)
You are immune to unholy pain and torment.
You can survive without breathing.


Message History

The orc wizard is heavily wounded.
The orc wizard misses you.
You barely miss the orc wizard.
The orc wizard is heavily wounded.
The orc wizard hits you with a dagger.
You barely miss the orc wizard.
The orc wizard is heavily wounded.
The orc wizard hits you with a dagger.
* * * LOW HITPOINT WARNING * * *
You closely miss the orc wizard.
The orc wizard is heavily wounded.
The orc wizard completely misses you.
You hit the orc wizard.
The orc wizard is severely wounded.
The orc wizard hits you with a dagger.
* * * LOW HITPOINT WARNING * * *
There is a stone staircase leading down here.
The orc wizard casts a spell at you. The magic dart hits you!
You die...

≈P≈P≈≈≈..## #.##.##..........#.#
≈≈≈P≈P≈P..###..#.##..........#.#
≈♣≈≈.≈.≈..#.......%..........#.##
..........#.##...##..........#...
............##...##..........#.##
......P≈≈≈..##.....####.####.####
≈≈P≈PP≈♣♣P#.##...#.## #.# #.# #
P≈≈≈≈≈♣♣....##.#o...# #.# #.# #
≈≈≈≈P≈≈..#......@#..# #.# #.# #
♣♣♣♣♣♣.#.#..#....#..# #.# #.# #
♣♣♣♣♣..#.#..#.#.....# #.# #.# #
............#.#..#..# #.# #.#
########.##.#.#..#..# #.# #.# #
#......#..##.###.# #.# #
####.#...........# #.# #
#.#.....#...#.# ##.####
###########.#.......#.#.# #......


You could see an orc wizard.

Vanquished Creatures
  3 leopard geckos
  An orc (D:3)
  A ball python (D:2)
  3 bats
  A giant cockroach (D:1)
  3 goblins
  3 hobgoblins
  2 quokkas (D:2)
  3 frilled lizards (D:1)
  3 kobolds
  A rat (D:2)
24 creatures vanquished.

Vanquished Creatures (collateral kills)
  A hobgoblin (D:1)
1 creature vanquished.

Grand Total: 25 creatures vanquished

Notes
Turn   | Place    | Note
-------+----------+-------------------------------------------
     0 | D:1      | Kohma the Mummy Necromancer began the quest for the Orb.
     0 | D:1      | Reached XP level 1. HP: 13/13 MP: 4/4
    72 | D:1      | Learned a level 1 spell: Animate Skeleton
   375 | D:1      | Reached XP level 2. HP: 19/19 MP: 3/5
  1719 | D:2      | Reached XP level 3. HP: 24/24 MP: 4/7
  1893 | D:2      | Killed from afar by an orc wizard

Skill      XL: |  1  2 |
---------------+-------+-----
Spellcasting   | 3 |  3.2
Stealth        | 2 |  2.0
Dodging        | 2 |  2.0
Short Blades   | |  0.2
Necromancy     | |  4.2

Action                   || total
-------------------------++-------
Melee: Short sword       ||    38
       Dagger            ||    25
 Cast: Animate Skeleton  ||    11
       Pain              ||    26
  Use: Scroll            ||     7
 Stab: Sleeping          ||     2
       Distracted        ||     1
Armor: Robe              ||     4
Dodge: Dodged            ||    40
